 Dungeon Crawl Stone Soup version 0.29.0-11-gd7f09526c8 (webtiles) character file.

Game seed: 11594810036885065200

44 Spectrina the Sneak (level 3, 0/22 HPs)
             Began as a Deep Elf Monk on Sept 3, 2022.
             Was a Plaything of Xom.
             Slain by a gnoll
             ... wielding a +0 halberd
              (13 damage)
             ... on level 2 of the Dungeon.
             The game lasted 00:02:59 (469 turns).

Spectrina the Sneak (Deep Elf Monk)                  Turns: 469, Time: 00:03:00

Health: 0/22       AC:  5    Str:  8    XL:     3   Next: 39%
Magic:  5/5        EV: 13    Int: 20    God:    Xom [..*...]
Gold:   25         SH:  4    Dex: 19    Spells: 2/2 levels left

rFire   . . .      SeeInvis .   a - +0 short sword
rCold   . . .      Faith    .   n - +0 buckler
rNeg    . . .      Spirit   .   b - +0 robe
rPois   .          Reflect  .   (no helmet)
rElec   .          Harm     .   (no cloak)
rCorr   .          Rampage  .   (no gloves)
Will    .....                   g - +2 pair of boots
Stlth   +++.......              (no amulet)
HPRegen 0.07/turn               l - +6 ring of intelligence
MPRegen 0.09/turn               (no ring)

@: mighty
A: no striking features
a: Renounce Religion


You were on level 2 of the Dungeon.
You worshipped Xom.
You were a toy of Xom.
You visited 1 branch of the dungeon, and saw 2 of its levels.

You collected 25 gold pieces.

Inventory:

Hand Weapons
 a - a +0 short sword (weapon)
 m - a +0 spear
Armour
 b - a +0 robe (worn)
 g - a +2 pair of boots (worn)
 n - a +0 buckler (worn)
Jewellery
 l - a +6 ring of intelligence (left hand)
Scrolls
 d - 2 scrolls of amnesia {unknown}
 e - 2 scrolls of torment {unknown}
 f - a scroll of teleportation {unknown}
 o - a scroll of identify {unknown}
Potions
 c - a potion of ambrosia
 h - a potion of heal wounds {unknown}
 i - a potion of haste {unknown}
 j - a potion of lignification {unknown}
 k - a potion of cancellation {unknown}


   Skills:
 - Level 2.4 Fighting
 - Level 3.0 Short Blades
 - Level 3.6 Dodging
 + Level 5.0 Stealth


You had 2 spell levels left.
You didn't know any spells.
Your spell library was empty.

Dungeon Overview and Level Annotations

Branches:
Dungeon (2/15)

Altars:
Xom


Message History

Unknown command.
You hit the adder.
You kill the adder!
You have reached level 3!
Your experience leads to an increase in your attributes!
Your base attributes are Str 8, Int 14, Dex 17.
Increase (S)trength, (I)ntelligence, or (D)exterity?
You feel agile. x2
You barely miss the gnoll. Xom grants you a minor favour.
You feel very mighty all of a sudden. The gnoll closely misses you.
You puncture the gnoll!
The gnoll is heavily wounded.
The gnoll hits you with a +0 whip.
You hit the gnoll.
The gnoll is almost dead.
The gnoll hits you but does no damage.
You puncture the gnoll!
You kill the gnoll!
Your Stealth skill increases to level 5!
Things that are here:
a +0 whip; an adder corpse A gnoll comes into view.
It is wielding a +0 halberd.
A rat comes into view.
The gnoll shouts!
A bat comes into view.
A goblin and a gnoll come into view.
The gnoll hits you from afar with a +0 halberd.
Found a scroll labelled WUTURI WOUGAMP.
The gnoll shouts!
The gnoll barely misses you.
Unknown command.
The goblin shouts!
You puncture the gnoll!
The gnoll is severely wounded.
The gnoll misses you. The gnoll hits you with a +0 halberd!
Ouch! That really hurt!
You die...
Xom is highly amused!

)##.#..#
.##.##.....# #..#
.##.####......
...## .##.# #..##.
#...# ....# ..#..
#...# ##### ##....
.g..## # # #..#!.
#gg..###. #
.###.##.##gr....?.
.........@.# ###
####.........#
†.####......##.#..#
#####
.†...#.####.##.#..#
#<..#
.....#.#.......#..#
###.#
####.#.#.##)####..#
#.# 8.8#.....##.#
#..# #.#
...###8.....# #..#
#.# ._...'....###
#..# #.#


You could see 3 gnolls, a goblin and a rat.

Vanquished Creatures
  A gnoll (D:2)
  2 adders (D:2)
  A ball python (D:2)
  2 endoplasms
  A giant cockroach (D:2)
  3 goblins
  2 hobgoblins (D:2)
  A bat (D:1)
  3 frilled lizards
  A rat (D:1)
17 creatures vanquished.

Notes
Turn   | Place    | Note
-------+----------+-------------------------------------------
     0 | D:1      | Spectrina the Deep Elf Monk began the quest for the Orb.
     0 | D:1      | Reached XP level 1. HP: 13/13 MP: 3/3
   175 | D:1      | Reached skill level 3 in Stealth
   317 | D:2      | Reached XP level 2. HP: 18/18 MP: 4/4
   354 | D:2      | Found a faded altar of an unknown god.
   377 | D:2      | Prayed at the altar of an unknown god.
   377 | D:2      | Became a worshipper of Xom the Psychopath
   392 | D:2      | XOM: potion effect (curing)
   402 | D:2      | Reached skill level 4 in Stealth
   458 | D:2      | Reached XP level 3. HP: 21/22 MP: 5/5
   458 | D:2      | XOM: potion effect (might)
   462 | D:2      | Reached skill level 5 in Stealth
   469 | D:2      | Slain by a gnoll

Illustrated notes

Levels and vault maps discovered:
D:1:      lightli_arrival_isolated_outpost, layout_basic, serial_curves,
          eino_curves_03, eino_curves_03, eino_curves_01
D:2:      layout_basic, dreamdust_ecumenical_altar_angels_and_demons,
          minmay_tromino_v4_b

Skill      XL: |  1  2  3 |
---------------+----------+-----
Stealth        | 3 4 5 |  5.0
Fighting       | |  2.4
Short Blades   | |  3.0
Dodging        | |  3.6

Action                   || total
-------------------------++-------
Melee: Short sword       ||    74
 Stab: Sleeping          ||     5
Armor: Robe              ||    15
Dodge: Dodged            ||    47
Block: Buckler           ||    13
